 Dungeon Crawl Stone Soup version 0.29.1-12-g30fa7ad0bf (webtiles) character file.

Game seed: 5244430676172478265

72 nightchill the Cudgeller (level 4, -2/41 HPs)
             Began as a Minotaur Fighter on Dec 21, 2022.
             Slain by an orc priest
             ... wielding a +0 flail
              (4 damage)
             ... on level 3 of the Dungeon.
             The game lasted 00:02:24 (2057 turns).

nightchill the Cudgeller (Minotaur Fighter)         Turns: 2057, Time: 00:02:25

Health: -2/41      AC: 14    Str: 23    XL:     4   Next: 6%
Magic:  3/3        EV:  9    Int:  5    God:
Gold:   74         SH:  4    Dex:  9    Spells: 3/3 levels left

rFire   . . .      SeeInvis .   a - +0 flail
rCold   . . .      Faith    .   c - +0 buckler
rNeg    . . .      Spirit   .   b - +0 scale mail
rPois   .          Reflect  .   (helmet restricted)
rElec   .          Harm     .   v - +0 cloak
rCorr   .          Rampage  .   g - +0 pair of gloves
Will    .....                   i - +0 pair of boots
Stlth   ..........              l - amulet of the acrobat
HPRegen 0.13/turn               r - +4 ring of protection
MPRegen 0.08/turn               (no ring)

@: no status effects
A: horns 2, retaliatory headbutt
a: no special abilities


You were on level 3 of the Dungeon.
You visited 1 branch of the dungeon, and saw 3 of its levels.

You collected 74 gold pieces.

Inventory:

Hand Weapons
 a - a +0 flail (weapon)
Missiles
 o - 6 poisoned darts (quivered)
Armour
 b - a +0 scale mail (worn)
 c - a +0 buckler (worn)
 g - a +0 pair of gloves (worn)
 i - a +0 pair of boots (worn)
 v - a +0 cloak (worn)
Magical Staves
 n - a staff of poison
Jewellery
 l - an amulet of the acrobat (around neck)
 r - a +4 ring of protection (left hand)
Scrolls
 j - 2 scrolls of teleportation {unknown}
 m - a scroll of fear {unknown}
 p - a scroll of identify {unknown}
 q - a scroll of fog {unknown}
 s - 2 scrolls of enchant armour {unknown}
 t - a scroll of enchant weapon {unknown}
Potions
 d - a potion of might
 e - a potion of brilliance {unknown}
 f - a potion of cancellation {unknown}
 h - 2 potions of heal wounds {unknown}
 k - 2 potions of flight {unknown}
 u - 2 potions of curing {unknown}


   Skills:
 + Level 4.5 Fighting
 * Level 4.6 Maces & Flails
 - Level 3.6 Armour
 - Level 3.6 Shields


You had 3 spell levels left.
You didn't know any spells.
Your spell library contained the following spells:

 Spells                   Type           Power      Damage    Failure   Level
 Apportation              Tloc           0%         N/A       86%         1
 Necrotise                Necr           0%         1d4       86%         1
 Summon Small Mammal      Summ           0%         N/A       86%         1


Dungeon Overview and Level Annotations

Branches:
Dungeon (3/15)

Altars:


Innate Abilities, Weirdness & Mutations

You have a pair of horns on your head.
You reflexively headbutt those who attack you in melee.


Message History

The orc shouts!
You hit the orc priest but do no damage.
The orc hits you but does no damage.
The orc priest calls down the wrath of Beogh upon you.
Pain shoots through your body!
You are too injured to fight recklessly!
You are too injured to fight recklessly!
You closely miss the orc priest. The orc priest barely misses you.
You block the orc's attack.
The orc priest hits you but does no damage.
You hit the orc priest.
You headbutt the orc priest, but do no damage.
The orc priest is moderately wounded.
The orc priest hits you but does no damage.
The orc hits you but does no damage.
You hit the orc priest.
The orc priest is heavily wounded.
The orc hits you with a +0 dagger.
The orc priest hits you with a +0 war axe.
* * * LOW HITPOINT WARNING * * *
You closely miss the orc priest. You headbutt the orc priest.
The orc priest is severely wounded.
The orc hits you but does no damage.
The orc priest hits you but does no damage.
You barely miss the orc priest. Your headbutt misses the orc priest.
The orc priest is severely wounded.
The orc completely misses you.
The orc priest hits you with a +0 war axe!
* * * LOW HITPOINT WARNING * * *
You sock the orc priest!
You kill the orc priest!
The orc priest looks encouraged for a moment.
You have reached level 4!
You feel stronger.
You barely miss the orc priest. Your headbutt misses the orc priest.
The orc priest hits you but does no damage.
The orc closely misses you.
You barely miss the orc priest. The orc hits you but does no damage.
The orc priest hits you with a +0 flail.
You die...

#.# #.# #.#
####.#
#######....#
#.......####
#.#####.#
#.########
#.@oo.....
#.#o..####
.....#.#
........ ..
..........#
#.#
....<.....#
#
..........#
..........#


You could see an orc priest and 2 orcs.

Vanquished Creatures
  An orc priest (D:3)
  A worm (D:2)
  2 dart slugs (D:2)
  4 ball pythons
  4 bats
  3 endoplasms
  A giant cockroach (D:2)
  2 goblins
  4 hobgoblins
  A frilled lizard (D:2)
  3 kobolds
  11 rats (D:1)
37 creatures vanquished.

Notes
Turn   | Place    | Note
-------+----------+-------------------------------------------
     0 | D:1      | nightchill the Minotaur Fighter began the quest for the
                  | Orb.
     0 | D:1      | Reached XP level 1. HP: 19/19 MP: 0/0
   346 | D:1      | Reached XP level 2. HP: 24/27 MP: 1/1
  1086 | D:2      | Reached XP level 3. HP: 28/33 MP: 2/2
  1441 | D:2      | Found a faded altar of an unknown god.
  2054 | D:3      | HP: 1/33 [orc priest/+0 war axe (7)]
  2056 | D:3      | Reached XP level 4. HP: 2/41 MP: 3/3
  2057 | D:3      | Slain by an orc priest

Illustrated notes

Levels and vault maps discovered:
D:1:      wander_arrival_peaceful_grave, layout_basic, serial_co_window_serial,
          co_window_paths_a, co_window_corner_a, co_window_of_opportunity_a,
          co_window_corner_a, co_window_paths_b, co_window_corner_a,
          co_window_of_opportunity_a, co_window_of_opportunity_a,
          co_window_paths_b, co_window_paths_c, co_window_of_opportunity_b,
          co_window_paths_c, co_window_corner_ca, co_window_paths_d,
          glass_columns_c, glass_columns_a, glass_columns_a, glass_columns_c,
          minmay_rat_gold_closets
D:2:      layout_basic, hellmonk_ecumenical_altar_heavens_door
D:3:      layout_loops_ring, mainiacjoe_overflow_catwalk,
          mainiacjoe_overflow_tiny_flanked

Skill      XL: |  1  2  3 |
---------------+----------+-----
Maces & Flails | 3 4 |  4.6
Fighting       | 4 |  4.5
Armour         | |  3.6
Shields        | |  3.6

Action                   |  1- 3 |  4- 6 || total
-------------------------+-------+-------++-------
Melee: Flail             |    61 |     2 ||    63
       Headbutt          |    11 |       ||    11
Armor: Scale mail        |    24 |     2 ||    26
Dodge: Dodged            |    28 |     1 ||    29
Block: Buckler           |    15 |       ||    15
